 Dungeon Crawl Stone Soup version 0.28-a0-794-gafe8c5f9e9 (webtiles) character file.

Game seed: 9797496768211725092

75 Twinkles the Vexing (level 4, 0/33 HPs)
             Began as a Barachi Arcane Marksman on Nov 5, 2021.
             Slain by an orc wizard (1 damage)
             ... on level 2 of the Dungeon.
             The game lasted 00:10:44 (3404 turns).

Twinkles the Vexing (Barachi Arcane Marksman)       Turns: 3404, Time: 00:10:45

Health: 0/33       AC:  6    Str: 18    XL:     4   Next: 31%
Magic:  6/6        EV: 11    Int: 14    God:
Gold:   91         SH:  0    Dex: 12    Spells: 2/6 levels left

rFire   . . .      SeeInvis .   b - +0 dagger
rCold   . . .      Faith    .   (no shield)
rNeg    . . .      Spirit   .   p - +0 ring mail
rPois   .          Reflect  .   e - +0 helmet
rElec   .          Harm     .   (no cloak)
rCorr   .          Rampage  .   (no gloves)
Will    .....                   (no boots)
Stlth   +.........              (no amulet)
HPRegen 0.11/turn               n - +6 ring of strength
MPRegen 0.10/turn               (no ring)

@: slow
A: amphibious, slowness 1, strong legs 1, +LOS
a: Hop


You were on level 2 of the Dungeon.
You visited 1 branch of the dungeon, and saw 3 of its levels.

You collected 91 gold pieces.

Inventory:

Hand Weapons
 a - a +0 shortbow
 b - a +0 dagger (weapon)
Missiles
 c - 20 arrows
 m - 4 silver boomerangs
 o - 8 poisoned darts
 s - 95 stones (quivered)
Armour
 d - a +0 robe
 e - a +0 helmet (worn)
 k - a +0 kite shield
 p - a +0 ring mail (worn)
Jewellery
 n - a +6 ring of strength (left hand)
Scrolls
 f - a scroll of teleportation {unknown}
 g - 2 scrolls of identify {unknown}
 h - a scroll of immolation {unknown}
 j - a scroll of acquirement {unknown}
Potions
 i - 2 potions of curing {unknown}
 l - a potion of might {unknown}
 q - a potion of magic {unknown}


   Skills:
 + Level 2.2 Fighting
 + Level 2.5 Bows
 + Level 1.6 Armour
 + Level 2.7 Dodging
 - Level 1.6 Spellcasting
 + Level 3.7 Hexes
 + Level 0.5 Translocations


You had 2 spell levels left.
You knew the following spells:

 Your Spells              Type           Power      Damage    Failure   Level
a - Slow                  Hex            44%        N/A       10%         1
b - Portal Projectile     Hex/Tloc       14%        N/A       50%         3

Your spell library contained the following spells:

 Spells                   Type           Power      Damage    Failure   Level
 Inner Flame              Hex/Fire       6%         N/A       52%         3
 Cause Fear               Hex            5%         N/A       67%         4
 Ignite Poison            Fire/Tmut/Pois 1%         N/A       80%         3
 Mephitic Cloud           Conj/Pois/Air  1%         N/A       80%         3
 Freezing Cloud           Conj/Ice/Air   0%         6-21      100%        5


Dungeon Overview and Level Annotations

Branches:
Dungeon (3/15)

Altars:

Shops:
D:1 [


Innate Abilities, Weirdness & Mutations

You are amphibious.
You cover ground slowly.
You can hop short distances.
You have an extended range of vision and can be seen from far away.


Message History

You hear some strange, mumbled words.
A magic dart appears from out of thin air!
The magic dart hits you but does no damage.
Fire: 22 arrows
Press: ? - help, Q - select action, (/) - cycle Shift-Dir - straight line You shoot an arrow.
Something hits you.
Fire: 21 arrows
Press: ? - help, Q - select action, (/) - cycle Shift-Dir - straight line You shoot an arrow.
Something hits you but does no damage.
b - a +0 dagger (weapon)
Something hits you.
You barely miss something. Something hits you.
You hit something but do no damage. Something hits you.
You hit something but do no damage. Something hits you.
You hit something. Something hits you.
You miss something. Something hits you but does no damage.
You hit something but do no damage. Something hits you.
You miss something. Something hits you but does no damage.
You miss something. Something hits you but does no damage.
You hit something.
You hear some strange, mumbled words.
Something tries to affect you, but you resist.
You hit something but do no damage. Something hits you.
* * * LOW HITPOINT WARNING * * *
You barely miss something. Something hits you but does no damage.
You barely miss something.
You hear some strange, mumbled words.
A magic dart appears from out of thin air!
The magic dart hits you.
* * * LOW HITPOINT WARNING * * *
You barely miss something. Something hits you.
* * * LOW HITPOINT WARNING * * *
You closely miss something.
You hear some strange, mumbled words.
A puff of flame appears from out of thin air!
The puff of flame hits you but does no damage.
You miss something. Something hits you.
You die...

#.#<# #.####
#....#######
####.......#
#..####.# #### #..#
#.# ...#### #..# #.#
......#######..####.#
......'.........@{.>#
......#######.#####.#
...#### #....##.#
...# ####.##.# ...#
#......# ...#
#.#.#### #### #.#...#
#.....# ###.#.#


There were no monsters in sight!

Vanquished Creatures
  2 adders
  A dart slug (D:1)
  An orc (D:2)
  3 ball pythons
  3 bats (D:1)
  2 endoplasms (D:1)
  5 giant cockroaches
  7 goblins (D:1)
  7 hobgoblins
  7 kobolds (D:1)
  2 quokkas (D:1)
  4 frilled lizards
  A rat (D:2)
45 creatures vanquished.

Vanquished Creatures (others)
  7 demonic plants (D:3)
  A fungus (D:3)
  2 plants (D:3)
10 creatures vanquished.

Grand Total: 55 creatures vanquished

Notes
Turn   | Place    | Note
-------+----------+-------------------------------------------
     0 | D:1      | Twinkles the Barachi Arcane Marksman began the quest for
                  | the Orb.
     0 | D:1      | Reached XP level 1. HP: 15/15 MP: 2/2
    93 | D:1      | Reached XP level 2. HP: 21/21 MP: 3/3
   609 | D:1      | Reached skill level 1 in Armour
   963 | D:1      | Reached XP level 3. HP: 25/27 MP: 5/5
  1706 | D:1      | Found Woih Ureo's Antique Armour Emporium.
  2975 | D:3      | Reached XP level 4. HP: 28/33 MP: 6/6
  3086 | D:2      | HP: 9/33 [poisoned by an adder]
  3093 | D:2      | Learned a level 3 spell: Portal Projectile
  3399 | D:2      | HP: 8/33 [something (2)]
  3402 | D:2      | HP: 1/33 [something (3)]
  3404 | D:2      | Slain by an orc wizard

Illustrated notes

Levels and vault maps discovered:
D:1:      wheals_arrival_shading, layout_basic, serial_shops, shop_fountains,
          minmay_bisected
D:2:      layout_basic, grunt_ministairs_15
D:3:      layout_rooms, shapermc_ecumenical_altar_gd, minmay_quadrilaterals

Skill      XL: |  1  2  3 |
---------------+----------+-----
Armour         | 1 |  1.6
Fighting       | 2 |  2.2
Bows           | |  2.5
Dodging        | |  2.7
Spellcasting   | |  1.6
Hexes          | |  3.7
Translocations | |  0.5

Action                   |  1- 3 |  4- 6 || total
-------------------------+-------+-------++-------
Melee: Dagger            |   196 |    21 ||   217
       Shortbow          |       |     1 ||     1
 Fire: Shortbow          |    38 |    18 ||    56
Armor: Robe              |    49 |       ||    49
       Ring mail         |     8 |    21 ||    29
Dodge: Dodged            |   124 |    23 ||   147

Table legend: (Time is in decaauts)
 A = Elapsed time spent in this place.
 B = Non-inter-level travel time spent in this place.
 C = Inter-level travel time spent in this place.
 D = Time resting spent in this place.
 E = Time spent auto-exploring this place.
 F = Levels seen in this place.
 G = Mean time per level.
                   A        B        C        D        E       F      G
               +--------+--------+--------+--------+--------+-----+--------+
         Total |   3753 |   3405 |    348 |    227 |   2523 |   3 | 1251.0 |
       Dungeon |   3753 |   3405 |    348 |    227 |   2523 |   3 | 1251.0 |
               +--------+--------+--------+--------+--------+-----+--------+

Top non-repeatable levels by time:
     D:1: 2328 daAuts
     D:2: 1265 daAuts
     D:3: 159 daAuts
